 Dungeon Crawl Stone Soup version 0.29.0-4-gdea44cf6ec (webtiles) character file.

Game seed: 2275945323632023158

8 qw the Sneak (level 2, -4/19 HPs)
             Began as a Gargoyle Delver on Sept 10, 2022.
             Slain by a gnoll
             ... wielding a +0 spear
              (9 damage)
             ... on level 6 of the Dungeon.
             The game lasted 00:00:08 (1007 turns).

qw the Sneak (Gargoyle Delver)                      Turns: 1007, Time: 00:00:08

Health: -4/19      AC:  5    Str: 15    XL:     2   Next: 8%
Magic:  2/2        EV: 11    Int: 10    God:
Gold:   10         SH:  0    Dex: 11    Spells: 1/1 levels left

rFire   . . .      SeeInvis .   a - +0 hand axe
rCold   . . .      Faith    .   (no shield)
rNeg    + . .      Spirit   .   b - +0 leather armour
rPois   inf        Reflect  .   (no helmet)
rElec   +          Harm     .   (no cloak)
rCorr   .          Rampage  .   (no gloves)
Will    .....                   (no boots)
Stlth   +++.......              (no amulet)
HPRegen 0.06/turn               (no ring)
MPRegen 0.08/turn               (no ring)

@: no status effects
A: sickness immunity, AC +2, negative energy resistance 1, electricity
resistance, torment resistance 1, petrification resistance
a: no special abilities


You were on level 6 of the Dungeon.
You visited 1 branch of the dungeon, and saw 3 of its levels.

You collected 10 gold pieces.


Innate Abilities, Weirdness & Mutations

You are immune to sickness and miasma.
Your stone body is resilient. (AC +2)
You are immune to poison.
You resist negative energy. (rN+)
You are resistant to electric shocks. (rElec)
You are resistant to unholy torment.
You are immune to petrification.


   Skills:
 - Level 3.2 Fighting
 + Level 2.5 Axes
 - Level 1.5 Dodging
 - Level 5.4 Stealth


You had one spell level left.
You didn't know any spells.
Your spell library was empty.

Inventory:

Hand Weapons
 a - a +0 hand axe (weapon)
Armour
 b - a +0 leather armour (worn)
Wands
 g - a wand of digging (3)
Potions
 c - a potion of heal wounds {unknown}
 f - a potion of haste

Dungeon Overview and Level Annotations

Branches:
Dungeon (5/15)
 Temple: D:4-7

Altars:


Message History

There is an open door here.
891 ||| Stepping ~*~*~tactically~*~*~ (hiding).
You start waiting.
Done waiting.
There is an open door here.
993 ||| Stepping ~*~*~tactically~*~*~ (hiding).
994 ||| Stepping ~*~*~tactically~*~*~ (hiding).
You start waiting.
A gnoll is nearby!
The gnoll hits you from afar with a +0 spear.
The gnoll hits you with a +0 spear.
There is an open door here.
You closely miss the gnoll. You punch the gnoll.
The gnoll is lightly wounded.
The gnoll hits you but does no damage.
You hit the gnoll.
The gnoll is moderately wounded.
The gnoll barely misses you.
You closely miss the gnoll.
The gnoll is moderately wounded.
The gnoll hits you but does no damage.
You barely miss the gnoll.
The gnoll is moderately wounded.
The gnoll closely misses you.
You barely miss the gnoll.
The gnoll is moderately wounded.
The gnoll hits you with a +0 spear. The gnoll closely misses you.
You barely miss the gnoll.
The gnoll is moderately wounded.
The gnoll hits you with a +0 spear.
You closely miss the gnoll.
The gnoll is moderately wounded.
The gnoll hits you with a +0 spear.
You hit the gnoll.
The gnoll is severely wounded.
The gnoll closely misses you.
You closely miss the gnoll.
The gnoll is severely wounded.
The gnoll hits you with a +0 spear!
You die...

..... ##.....
......? ?......
....... ########
....#
##......###g...#
..........@....+
.#.####.###....#
#.# #####
######.#
#......# .###
#.###### ...##
#.# #..# #.#
####.###.#


You could see a gnoll.

Vanquished Creatures
  A white imp (D:6)
  A goblin (D:4)
2 creatures vanquished.

Notes
Turn   | Place    | Note
-------+----------+-------------------------------------------
     0 | D:5      | qw the Gargoyle Delver began the quest for the Orb.
     0 | D:5      | Reached XP level 1. HP: 14/14 MP: 1/1
     0 | D:5      | 0 ||| qw: Version: 0.1-a-116-g5d60599
     0 | D:5      | 0 ||| qw: Game counter: 8909
     0 | D:5      | 0 ||| qw: Always use a shield: true
     0 | D:5      | 0 ||| qw: God list: Okawaru
     0 | D:5      | 0 ||| qw: Allow faded altars: false
     0 | D:5      | 0 ||| qw: Do Orc after D:15 true
     0 | D:5      | 0 ||| qw: Do second Lair branch before Depths: true
     0 | D:5      | 0 ||| qw: Lair rune preference: random
     0 | D:5      | 0 ||| qw: Plans: Normal
     0 | D:5      | 0 ||| PLANNING D:1-11
     0 | D:5      | 0 ||| DROPPING scroll of fog.
     1 | D:5      | 1 ||| DROPPING scroll of magic mapping.
     2 | D:5      | 2 ||| DROPPING scroll of fear.
    26 | D:4      | You fall into a shaft and drop 2 floors!
    29 | D:6      | 29 ||| PLANNING OSSUARY
    45 | D:6      | 45 ||| Stepping ~*~*~tactically~*~*~ (hiding).
   159 | D:6      | Reached XP level 2. HP: 18/19 MP: 2/2
   177 | D:6      | 177 ||| Stepping ~*~*~tactically~*~*~ (hiding).
   279 | D:6      | 279 ||| Stepping ~*~*~tactically~*~*~ (hiding).
   381 | D:6      | 381 ||| Stepping ~*~*~tactically~*~*~ (hiding).
   483 | D:6      | 483 ||| Stepping ~*~*~tactically~*~*~ (hiding).
   585 | D:6      | 585 ||| Stepping ~*~*~tactically~*~*~ (hiding).
   664 | D:6      | 664 ||| RIP OSSUARY
   686 | D:6      | 686 ||| PLANNING D:1-11
   687 | D:6      | 687 ||| Stepping ~*~*~tactically~*~*~ (hiding).
   789 | D:6      | 789 ||| Stepping ~*~*~tactically~*~*~ (hiding).
   891 | D:6      | 891 ||| Stepping ~*~*~tactically~*~*~ (hiding).
   993 | D:6      | 993 ||| Stepping ~*~*~tactically~*~*~ (hiding).
   994 | D:6      | 994 ||| Stepping ~*~*~tactically~*~*~ (hiding).
  1007 | D:6      | Slain by a gnoll

Levels and vault maps discovered:
D:4:      layout_cave_pools, gammafunk_ghost_split,
          ebering_dispersal_statue_hall, uniq_edmund, uniq_duvessa
D:5:      layout_gridville, nzn_hepliaklqana_mist_gate
D:6:      layout_basic, nicolae_ossuary_entry_giza

Skill      XL: |  1 |
---------------+----+-----
Axes           | 2 |  2.5
Fighting       | |  3.2
Dodging        | |  1.5
Stealth        | |  5.4

Action                   || total
-------------------------++-------
Melee: Hand axe          ||    21
       Punch             ||     2
 Stab: Sleeping          ||     1
Armor: Leather armour    ||     5
Dodge: Dodged            ||    10

Table legend:
 A = Non-vault XP
 B = Vault XP
 C = Vault XP percentage of total XP
 D = Non-vault monster count
 E = Vault monster count
 F = Vault count percentage of total count
                 A         B        C        D         E       F
            +---------+---------+-------+---------+---------+-------
      Total |      12 |       0 |   0.0 |       2 |       0 |   0.0
            +---------+---------+-------+---------+---------+-------
        D:4 |       2 |       0 |   0.0 |       1 |       0 |   0.0
        D:6 |      10 |       0 |   0.0 |       1 |       0 |   0.0
            +---------+---------+-------+---------+---------+-------
